 Dungeon Crawl Stone Soup version 0.20.0-10-g0535bb4 (webtiles) character file.

27024 xgamer67 the Slinger (level 13, -4/72 HPs)
             Began as a Halfling Air Elementalist on June 6, 2017.
             Was a High Priest of Hepliaklqana.
             Engulfed by a cloud of flame (13 damage)
             ... on level 5 of the Lair of Beasts.
             The game lasted 01:19:21 (19581 turns).

xgamer67 the Slinger (Halfling Air Elementalist)   Turns: 19581, Time: 01:19:22

Health: -4/72      AC: 13    Str: 11    XL:     13   Next: 62%
Magic:  16/16      EV: 21    Int: 17    God:    Hepliaklqana [*****.]
Gold:   798        SH:  7    Dex: 22    Spells: 8/16 levels left

rFire    . . .     SeeInvis .   a - +8 rapier "Dimugoop" {pierce, Int+4}
rCold    . . .     Gourm    +   V - +0 buckler
rNeg     . . .     Faith    .   z - +0 steam dragon scales
rPois    .         Spirit   .   p - +1 helmet
rElec    .         Reflect  .   W - +1 cloak
rCorr    +         Harm     .   H - +1 pair of gloves
MR       .....                  (no boots)
Stlth    +++++.....             N - amulet of the gourmand
Regen    0.3/turn               t - ring of resist corrosion
MPRegen  0.2/turn               K - +4 ring of dexterity

@: no status effects
A: reduced essence, mutation resistance 1
a: Recall Ancestor, Ancestor Identity, Transference, Idealise, Renounce Religion


You were on level 5 of the Lair of Beasts.
You worshipped Hepliaklqana.
Hepliaklqana was extremely pleased with you.
You were completely stuffed.

You visited 3 branches of the dungeon, and saw 16 of its levels.

You collected 798 gold pieces.

Inventory:

Hand Weapons
 a - the +8 rapier "Dimugoop" (weapon) {pierce, Int+4}
   (You found it on level 8 of the Dungeon)

   It inflicts extra damage upon your enemies.
   It affects your intelligence (+4).
 b - a +1 hunting sling of flaming
Missiles
 f - 338 stones (quivered)
 w - 106 sling bullets
 F - 2 curare-tipped needles
Armour
 p - a +1 helmet (worn)
 z - +0 steam dragon scales (worn)
 H - a +1 pair of gloves (worn)
 V - a +0 buckler (worn)
 W - a +1 cloak (worn)
Jewellery
 t - a ring of resist corrosion (left hand)
 A - an uncursed ring of ice
 K - a +4 ring of dexterity (right hand)
 N - an amulet of the gourmand (around neck)
Wands
 n - a wand of confusion (24/48)
 q - a wand of acid (4/15)
 I - a wand of lightning (4/15)
 O - a wand of confusion (25/48)
 Q - a wand of acid (9/15)
 S - a wand of iceblast (6/15)
 U - a wand of polymorph (15/24)
 Y - a wand of disintegration (19/24)
Scrolls
 c - 7 scrolls of remove curse
 l - 3 scrolls of teleportation
 m - 7 scrolls of recharging
 v - 3 scrolls of enchant weapon
 y - 3 scrolls of amnesia
 G - a scroll of blinking
 L - 3 scrolls of fog
 X - a scroll of summoning
Potions
 d - 9 potions of curing
 g - 2 potions of might
 i - 2 potions of resistance
 j - 3 potions of invisibility
 s - 2 potions of magic
 x - 4 potions of heal wounds
 B - 3 potions of lignification
 C - 4 potions of brilliance
 D - 2 potions of cancellation
 E - a potion of haste
 P - a potion of ambrosia
 R - 3 potions of berserk rage
 T - 3 potions of agility
Books
 r - a book of Air

   Spells                             Type                      Level
   a - Shock                          Conjuration/Air              1
   b - Swiftness                      Charms/Air                   2
   c - Static Discharge               Conjuration/Air              3
   d - Airstrike                      Air                          4
   e - Lightning Bolt                 Conjuration/Air              5
 Z - a book of Clouds

   Spells                             Type                      Level
   a - Poisonous Vapours              Poison/Air                   2
   b - Mephitic Cloud                 Conjuration/Poison/Air       3
   c - Conjure Flame                  Conjuration/Fire             3
   d - Freezing Cloud                 Conjuration/Ice/Air          6
   e - Ring of Flames                 Charms/Fire                  7
Comestibles
 k - 3 chunks of flesh
 o - 8 meat rations
 u - 5 bread rations
 M - 7 fruits


   Skills:
 - Level 5.0 Fighting
 + Level 11.8 Short Blades
 - Level 12.3 Slings
 - Level 7.1 Armour
 - Level 7.0 Dodging
 - Level 12.0 Stealth
 - Level 5.6 Shields
 - Level 2.0 Spellcasting
 - Level 0.7 Conjurations
 - Level 5.1 Charms
 - Level 1.0 Transmutations
 - Level 2.0 Ice Magic
 - Level 3.1 Air Magic
 - Level 2.0 Earth Magic
 + Level 4.9 Invocations
 - Level 3.3 Evocations


You had 8 spell levels left.
You knew the following spells:

 Your Spells              Type           Power        Failure   Level  Hunger
a - Shock                 Conj/Air       #...         9%          1    #......
A - Ozocubu's Armour      Chrm/Ice       ##......     13%         3    ###....
C - Swiftness             Chrm/Air       ###.....     5%          2    ###....
D - Passwall              Tmut/Erth      #.........   16%         2    ###....


Dungeon Overview and Level Annotations

Branches:
Dungeon (10/15)            Temple (1/1) D:4            Lair (5/6) D:10
  Swamp (0/4) Lair:2       Spider (0/4) Lair:2        Slime (0/5) Lair:5
    Orc: D:9-12

Altars:
Ashenzari
Cheibriados
Dithmenos
Elyvilon
Fedhas
Gozag
Hepliaklqana
Kikubaaqudgha
Makhleb
Nemelex Xobeh
Okawaru
Qazlal
Ru
Sif Muna
Trog
Uskayaw
Vehumet
Xom
Yredelemnul
Zin
The Shining One

Annotations:
D:4 vault dig, exclusion: 2 slaves
D:7 Prince Ribbit
D:8 Psyche
D:10 Joseph
Lair:1 Harold
Lair:2 exclusion: oklob plant, Erica
Lair:3 Sonja


Innate Abilities, Weirdness & Mutations

You are small and have problems with some larger weapons.
You are somewhat resistant to further mutation.
Your life essence is reduced. (-10% HP)


Message History

The dream sheep explodes!
You feel a bit more experienced. The fiery explosion engulfs you!
The fiery explosion engulfs the bullfrog.
The bullfrog explodes!
The fiery explosion engulfs the dream sheep.
The dream sheep explodes!
The fiery explosion engulfs the dream sheep.
The dream sheep is severely wounded.
The fiery explosion engulfs Nenetl.
Nenetl resists.
Nenetl the hexer explodes!
The fiery explosion engulfs you!
Ouch! That really hurt!
* * * LOW HITPOINT WARNING * * *
The fiery explosion engulfs the dream sheep.
The dream sheep explodes!
The fiery explosion engulfs the dream sheep.
The dream sheep explodes!
You are engulfed in blazing flames.
You die...

### #
##############..##
..####.%P...#.##..P..#P
........%..............
.............%.........
.......§§§.............
....YYY§§§.............
.##§§§.#.........P#
#@§§§.####.#......
#§§§§..# ##.......
##.....# #P....##
#.....## ##.....P#
#.....P# #......##
#.....## ##......#
##....# #.....## ......
##.....# ####....##


There were no monsters in sight!

Vanquished Creatures
  Gastronok (D:8)
  2 two-headed ogres
  2 death yaks
  An ugly thing (D:7)
  An orb spider (Lair:2)
  A black mamba (Lair:4)
  5 spiny frogs
  A torpor snail (Lair:4)
  3 komodo dragons
  2 rime drakes
  2 polar bears
  A hornet (D:10)
  7 blink frogs
  4 slime creatures (Lair:5)
  5 dream sheep (Lair:5)
  6 hippogriffs
  4 spriggans (Lair:1)
  A wyvern (D:9)
  11 yaks
  A basilisk (Lair:5)
  Grum (D:10)
  A steam dragon (Lair:3)
  3 swamp worms (Lair:2)
  5 water moccasins
  8 orc warriors
  2 sky beasts
  7 porcupines
  A slave (D:4)
  2 black bears (D:10)
  An eye of draining (D:10)
  4 ogres
  10 wolves
  2 centaurs
  5 crocodiles
  16 bullfrogs
  A hexer (Lair:5)
  3 scorpions
  A killer bee (D:9)
  2 wights (D:8)
  An electric eel (Lair:4)
  A howler monkey (D:5)
  3 jellies
  3 crimson imps
  3 bullfrog zombies
  3 orc priests
  3 centaur skeletons
  4 hounds
  2 bullfrog skeletons
  A centaur zombie (D:6)
  15 orc wizards
  Jessica (D:6)
  A gnoll shaman (D:7)
  3 iguanas
  6 worker ants
  A howler monkey zombie (D:5)
  A worker ant zombie (D:9)
  14 gnolls
  A river rat (D:4)
  10 adders
  A shadow imp (D:7)
  An adder skeleton (D:7)
  3 worms
  2 dart slugs
  6 leopard geckos
  33 orcs
  3 ball pythons
  7 giant cockroaches
  7 goblins
  7 hobgoblins
  9 jackals
  5 quokkas
  8 bats
  9 frilled lizards
  A jackal skeleton (D:6)
  6 kobolds
  A leopard gecko skeleton (D:4)
  A quokka skeleton (D:5)
  12 rats
335 creatures vanquished.

Vanquished Creatures (collateral kills)
  An unseen horror (D:10)
  A black mamba (Lair:3)
  A spiny frog (Lair:1)
  A rime drake (Lair:1)
  2 blink frogs
  A vampire (D:10)
  2 basilisks (Lair:4)
  5 yaks
  A hungry ghost (D:5)
  A swamp worm (Lair:2)
  A water moccasin (Lair:3)
  An ogre (D:7)
  A centaur (D:7)
  2 bullfrogs
  2 killer bees (D:10)
  A wight (D:8)
  A crimson imp (D:7)
  An orc priest (D:10)
  A hound skeleton (D:10)
  2 adders
  A leopard gecko (D:6)
  2 orcs (D:10)
  5 jackals
  A plant (Lair:3)
38 creatures vanquished.

Vanquished Creatures (others)
  10 hexers
  5 ancestors
  6 fungi
  6 plants
27 creatures vanquished.

Grand Total: 400 creatures vanquished

Notes
Turn   | Place    | Note
-------+----------+-------------------------------------------
     0 | D:1      | xgamer67 the Halfling Air Elementalist began the quest for the Orb.
     0 | D:1      | Reached XP level 1. HP: 11/11 MP: 3/3
    83 | D:1      | Reached XP level 2. HP: 11/17 MP: 0/4
   209 | D:1      | Learned a level 2 spell: Swiftness
   614 | D:1      | Reached XP level 3. HP: 21/21 MP: 5/5
  1113 | D:2      | Reached skill level 1 in Short Blades
  1353 | D:2      | Reached skill level 1 in Charms
  1506 | D:2      | Reached XP level 4. HP: 27/27 MP: 1/6
  2561 | D:4      | Reached skill level 1 in Slings
  2561 | D:4      | Reached skill level 1 in Evocations
  2561 | D:4      | Reached XP level 5. HP: 13/31 MP: 7/7
  2755 | D:4      | Found a staircase to the Ecumenical Temple.
  2795 | Temple   | Entered the Ecumenical Temple
  3240 | D:4      | Found a glowing drain.
  3264 | D:4      | HP: 1/31 [river rat (8)]
  3747 | D:4      | Reached XP level 6. HP: 19/36 MP: 8/8
  4025 | D:4      | Noticed an orc warrior
  4068 | D:4      | Killed an orc warrior
  4068 | D:4      | Reached skill level 5 in Slings
  4068 | D:4      | Reached XP level 7. HP: 17/41 MP: 3/9
  4356 | D:4      | Found a sparkling altar of Nemelex Xobeh.
  5181 | D:3      | Found a hazy altar of Hepliaklqana.
  5188 | D:3      | Became a worshipper of Hepliaklqana the Forgotten
  5414 | D:5      | Entered Level 5 of the Dungeon
  5438 | D:5      | Noticed a hungry ghost
  5460 | D:5      | Killed a hungry ghost
  5498 | D:5      | Reached skill level 5 in Stealth
  5699 | D:5      | Reached XP level 8. HP: 34/41 MP: 10/10
  5831 | D:5      | Found a shattered altar of Ashenzari.
  5957 | D:5      | Found a basalt altar of Yredelemnul.
  5963 | D:5      | Found a sacrificial altar of Ru.
  5970 | D:5      | Found a radiant altar of Vehumet.
  6397 | D:6      | Identified the Disquisition on Cankerous Enchantment
  6402 | D:6      | Learned a level 2 spell: Passwall
  6601 | D:6      | Reached * piety under Hepliaklqana
  6636 | D:6      | Reached skill level 1 in Earth Magic
  7138 | D:7      | Reached skill level 1 in Transmutations
  7140 | D:7      | Reached skill level 1 in Armour
  7354 | D:7      | Reached XP level 9. HP: 45/45 MP: 12/12
  7746 | D:7      | Noticed a red ugly thing
  7758 | D:7      | Noticed a hippogriff
  7947 | D:6      | Found an iron altar of Okawaru.
  7951 | D:6      | Found a shimmering altar of Xom.
  7951 | D:6      | Found a shimmering altar of Xom.
  8407 | D:6      | Found a glowing golden altar of the Shining One.
  8407 | D:6      | Found a burning altar of Makhleb.
  8407 | D:6      | Found a hide-covered altar of Uskayaw.
  8533 | D:6      | Noticed Jessica
  8540 | D:6      | Killed Jessica
  8552 | D:6      | Found a deep blue altar of Sif Muna.
  8827 | D:7      | Killed a hippogriff
  8832 | D:7      | Reached skill level 10 in Slings
  8850 | D:7      | Killed a red ugly thing
  9083 | D:6      | Reached XP level 10. HP: 42/50 MP: 13/13
  9399 | D:7      | Noticed Prince Ribbit
  9421 | D:7      | Reached ** piety under Hepliaklqana
  9422 | D:7      | Remembered your ancestor Nenetl as a hexer
  9600 | D:7      | Got a bronze ring mail
  9749 | D:7      | Identified the +1 ring mail of Brilliance {*Slow +Blink Regen+ MP+9} (You found it on level 7 of the Dungeon)
  9810 | D:8      | Got an iridescent rapier
  9811 | D:8      | Identified the +8 rapier "Dimugoop" {pierce, Int+4} (You found it on level 8 of the Dungeon)
  9881 | D:8      | Noticed a two-headed ogre
  9886 | D:8      | Killed a two-headed ogre
  9988 | D:8      | Noticed Psyche
 10346 | D:8      | Found an ancient bone altar of Kikubaaqudgha.
 10390 | D:8      | Noticed Gastronok
 10647 | D:8      | Killed Gastronok
 10647 | D:8      | Reached XP level 11. HP: 36/63 MP: 14/14
 11277 | D:9      | Reached *** piety under Hepliaklqana
 11334 | D:9      | Reached skill level 5 in Fighting
 11589 | D:9      | Found a white marble altar of Elyvilon.
 11590 | D:9      | Found a hide-covered altar of Uskayaw.
 11879 | D:9      | Found a bloodstained altar of Trog.
 11938 | D:10     | Entered Level 10 of the Dungeon
 11946 | D:10     | Reached skill level 1 in Shields
 12335 | D:10     | Reached skill level 5 in Shields
 12355 | D:10     | Noticed Grum
 12357 | D:10     | Killed Grum
 12620 | D:10     | Noticed a two-headed ogre
 12941 | D:10     | Found a staircase to the Lair.
 13040 | D:10     | Noticed Joseph
 13248 | D:10     | Killed an unseen horror
 13439 | D:10     | Killed a two-headed ogre
 13439 | D:10     | Reached skill level 10 in Stealth
 13535 | Lair:1   | Entered Level 1 of the Lair of Beasts
 13854 | Lair:1   | Reached XP level 12. HP: 69/69 MP: 15/15
 13950 | Lair:1   | You fall through a shaft!
 14412 | Lair:1   | Reached skill level 10 in Short Blades
 14821 | Lair:1   | Reached **** piety under Hepliaklqana
 14832 | Lair:1   | Noticed Harold
 15217 | Lair:2   | Reached skill level 5 in Armour
 15227 | Lair:2   | Reached skill level 5 in Dodging
 15508 | Lair:2   | Found a hole to the Spider Nest.
 15703 | Lair:2   | Noticed Erica
 15854 | Lair:2   | Found a staircase to the Swamp.
 16898 | Lair:3   | Noticed Sonja
 16940 | Lair:3   | You fall through a shaft!
 17371 | Lair:3   | Learned a level 3 spell: Ozocubu's Armour
 17416 | Lair:3   | Reached XP level 13. HP: 48/72 MP: 16/16
 17641 | Lair:3   | Reached skill level 1 in Ice Magic
 18115 | Lair:4   | Reached ***** piety under Hepliaklqana
 18387 | Lair:3   | Reached skill level 1 in Invocations
 19371 | Lair:5   | Found a staircase to the Slime Pits.
 19375 | Lair:5   | Reached skill level 5 in Charms
 19581 | Lair:5   | Engulfed by a cloud of flame

Skill      XL: |  1  2  3  4  5  6  7  8  9 10 11 12 13 |
---------------+----------------------------------------+-----
Stealth        | 3 4 5 6 8 9 10 12 | 12.0
Short Blades   | 1 6 9 10 11 | 11.8
Charms         | 1 2 5 |  5.1
Slings         | 1 3 5 7 8 10 12 | 12.3
Evocations     | 1 2 3 |  3.3
Earth Magic    | 2 |  2.0
Spellcasting   | 2 |  2.0
Transmutations | 1 |  1.0
Armour         | 1 4 6 7 |  7.1
Dodging        | 4 6 7 |  7.0
Fighting       | 4 5 |  5.0
Shields        | 5 |  5.6
Ice Magic      | 2 |  2.0
Invocations    | 4 |  4.9
Conjurations   | |  0.7
Air Magic      | |  3.1

Action                   |  1- 3 |  4- 6 |  7- 9 | 10-12 | 13-15 || total
-------------------------+-------+-------+-------+-------+-------++-------
Melee: Unarmed           |     9 |       |       |       |       ||     9
       Dagger            |    75 |   127 |   166 |     4 |       ||   372
       Rapier            |       |       |       |   403 |   190 ||   593
 Fire: Hunting sling     |       |    83 |   307 |   155 |    11 ||   556
Throw: Stone             |     1 |     2 |       |       |     1 ||     4
 Cast: Shock             |    26 |    13 |       |       |       ||    39
       Swiftness         |       |     1 |     1 |     2 |       ||     4
       Ozocubu's Armour  |       |       |       |       |     2 ||     2
Invok: Recall Ancestor   |       |       |     5 |     7 |     4 ||    16
       Ancestor Identity |       |       |     2 |       |       ||     2
       Ancestor Life: He |       |       |       |     1 |       ||     1
Evoke: Wand              |       |     6 |     4 |     1 |       ||    11
  Use: Scroll            |       |     9 |     3 |    13 |     5 ||    30
       Potion            |       |     2 |     2 |       |       ||     4
 Stab: Sleeping          |     6 |     2 |     3 |    27 |     4 ||    42
       Distracted        |       |     1 |     1 |     9 |     4 ||    15
       Confused          |       |       |       |     4 |       ||     4
  Eat: Chunk             |     3 |     6 |    11 |    24 |    24 ||    68
       Bread ration      |     1 |     1 |       |       |       ||     2
       Royal jelly       |       |       |     1 |     1 |       ||     2
       Fruit             |       |       |       |     1 |       ||     1
Armor: Leather armour    |    20 |    38 |    41 |    84 |       ||   183
       Robe              |     1 |       |       |       |       ||     1
       Ring mail         |       |     4 |       |       |       ||     4
       Steam dragon scal |       |       |       |     2 |    17 ||    19
Dodge: Dodged            |    69 |   115 |   189 |   218 |    78 ||   669
Block: Buckler           |       |       |       |    86 |    38 ||   124
